Map: 國王海灣 - 天梯版

Players

IIIIIIIIIIII - Winner!

  • Race: Zerg Zerg
  • League: Platinum
  • Spawn Location: 5:00

llllllllllll

  • Race: Protoss Protoss
  • Spawn Location: 11:00

VOD

Have the link to the VOD?

Description

Time

  • Played on: Jan. 10, 2025, 6:42 a.m.
  • Length: 6:09
Show
View Real Time Build Order
Export as new Build Order

IIIIIIIIIIII Zerg - Winner!

Build Orders: 3 Hatch before Pool 

Get SALT Encoding   

  12  0:00  Drone  
  13  0:12  Overlord  
  13  0:17  Drone  
  14  0:31  Drone x2  
  14  0:34  Drone  
  17  0:55  Hatchery  
  16  1:13  Hatchery  
  15  1:21  Drone  
  16  1:36  Spawning Pool, Extractor, Drone  
  15  1:45  Drone x2  
  17  2:05  Drone x2  
  19  2:19  Overlord  
  19  2:26  Queen  
  19  2:27  Queen  
  23  2:30  Zergling x2  
  23  2:33  Zergling x2  
  25  2:41  Zergling x4  
  27  2:46  Metabolic Boost  
  27  3:09  Baneling Nest  
  26  3:22  Zergling x10  
  26  3:23  Zergling x2  
  32  3:34  Overlord x2  
  32  3:44  Zergling x6  
  35  3:52  Zergling x2  
  36  3:58  Baneling x3  
  36  3:59  Baneling x3  
  36  4:01  Zergling x2  
  36  4:02  Zergling x2  
  38  4:05  Baneling  
  38  4:07  Zergling x2  
  35  4:50  Zergling x2  
  35  4:51  Zergling x14  
  35  4:52  Zergling x8  
  44  5:03  Zergling x6  
  44  5:05  Zergling x2  
  42  5:15  Baneling x3  
  42  5:20  Zergling x2  
  42  5:21  Zergling x2  
Show
View Real Time Build Order
Export as new Build Order

llllllllllll Protoss 

Build Orders: 1 Gate Expand, Oracle Opening 

Get SALT Encoding   

  12  0:00  Probe  
  13  0:12  Probe  
  14  0:21  Pylon  
  14  0:25  Probe  
  15  0:38  Probe  
  15  0:40  Gateway  
  16  0:46  Probe, Assimilator  
  16  0:54  Probe  
  18  1:07  Forge  
  19  1:11  Probe  
  19  1:25  Probe  
  20  1:40  Nexus  
  20  1:49  Cybernetics Core  
  20  2:00  Photon Cannon  
  20  2:02  Probe  
  21  2:08  Assimilator  
  21  2:19  Probe  
  21  2:22  Pylon  
  22  2:30  Warp Gate  
  22  2:34  Probe, Stalker  
  25  2:46  Probe  
  26  2:52  Probe  
  28  2:58  Probe  
  28  3:01  Stargate  
  28  3:09  Probe  
  28  3:10  Probe  
  28  3:18  Probe x2  
  29  3:26  Probe  
  31  3:27  Probe  
  33  3:34  Oracle  
  33  3:38  Probe  
  33  3:40  Probe  
  38  3:51  Probe  
  38  3:52  Probe  
  40  4:00  Nexus  
  40  4:01  Pylon  
  40  4:03  Probe  
  40  4:05  Probe  
  40  4:09  Assimilator  
  42  4:11  Assimilator  
  42  4:15  Probe  
  43  4:17  Probe  
  43  4:22  Photon Cannon  
  44  4:27  Probe  
  44  4:29  Probe  
  46  4:32  Twilight Council  
  46  4:36  Robotics Facility  
  44  4:47  Oracle  
  36  5:06  Probe x2  
  25  5:13  Pylon  
  24  5:15  Pylon  
  24  5:18  Probe x2  
  26  5:30  Probe x2  
  28  5:42  Probe  
  25  5:48  Probe  
Tags
 
Add a new tag
Caveats
  • Supply blocks, unpowered buildings, or Contaminate may cause inaccurate times.
  • Supply counts are checked every 10 seconds.